 Dungeon Crawl Stone Soup version 0.20.0-8-g6b59dc7 (webtiles) character file.

2478 Gorglomux the Covert (level 9, 0/39 HPs)
             Began as a Spriggan Enchanter on June 1, 2017.
             Was a Follower of Dithmenos.
             Slain by an orc warrior
             ... wielding the +6 mace "Arpheu Mili" {elec, rF+ rC+}
              (24 damage)
             ... on level 7 of the Dungeon.
             The game lasted 00:14:34 (2988 turns).

Gorglomux the Covert (Spriggan Enchanter)           Turns: 2988, Time: 00:14:35

Health: 0/39       AC:  2    Str: 10    XL:     9   Next: 27%
Magic:  8/20       EV: 18    Int: 19    God:    Dithmenos [*.....]
Gold:   445        SH:  0    Dex: 17    Spells: 6/21 levels left

rFire    . . .     SeeInvis +   a - +1 dagger
rCold    . . .     Gourm    .   (shield restricted)
rNeg     . . .     Faith    .   c - +0 robe
rPois    .         Spirit   .   (helmet restricted)
rElec    .         Reflect  .   (no cloak)
rCorr    .         Harm     .   (gloves unavailable)
MR       +....                  (boots unavailable)
Stlth    ++++++....             (no amulet)
Regen    0.2/turn               e - +4 ring of strength
MPRegen  0.2/turn               Z - +2 ring of strength (curse)

@: very slightly contaminated, wreathed by umbra, studying 2 skills, very quick
A: unfitting armour, see invisible, herbivore 3, speed 3, slow metabolism 2
a: Renounce Religion


You were on level 7 of the Dungeon.
You worshipped Dithmenos.
Dithmenos was aware of your devotion.
You were not hungry.

You visited 2 branches of the dungeon, and saw 8 of its levels.

You collected 445 gold pieces.

Inventory:

Hand Weapons
 a - a +1 dagger (weapon)
 m - a +0 dagger of pain
 T - a +0 rapier
Armour
 c - a +0 robe (worn)
Jewellery
 e - a +4 ring of strength (left hand)
 G - an uncursed ring of wizardry {unknown}
 Z - a cursed +2 ring of strength (right hand)
Wands
 N - a wand of disintegration (1/24)
Scrolls
 h - a scroll of blinking {unknown}
 k - a scroll of fog
 n - a scroll of enchant armour {unknown}
 M - a scroll of vulnerability {unknown}
 P - a scroll of noise {unknown}
 R - a scroll of identify
 U - a scroll of random uselessness {unknown}
 V - 3 scrolls of remove curse {unknown}
 W - a scroll of teleportation {unknown}
Potions
 i - 2 potions of resistance
 j - 2 potions of might
 o - 2 potions of lignification
 L - a potion of brilliance {unknown}
 O - a potion of ambrosia {unknown}
 Q - a potion of curing
 S - 2 potions of cancellation
 Y - a potion of heal wounds
Books
 b - a book of Maledictions

   Spells                             Type                      Level
   a - Corona                         Hexes                        1
   b - Ensorcelled Hibernation        Hexes/Ice                    2
   c - Confuse                        Hexes                        3
   d - Tukima's Dance                 Hexes                        3
   e - Dazzling Spray                 Conjuration/Hexes            3
 H - a book of Transfigurations

   Spells                             Type                      Level
   a - Irradiate                      Conjuration/Transmutation    5
   b - Statue Form                    Transmutation/Earth          6
   c - Hydra Form                     Transmutation                6
   d - Dragon Form                    Transmutation                7
 I - The Lost Secrets of Sorcery
   (You found it on level 7 of the Dungeon)

   Spells                             Type                      Level
   a - Shatter                        Earth                        9
 J - a manual of Long Blades
 K - a manual of Earth Magic
 X - a book of Conjurations

   Spells                             Type                      Level
   a - Magic Dart                     Conjuration                  1
   b - Searing Ray                    Conjuration                  2
   c - Dazzling Spray                 Conjuration/Hexes            3
   d - Fulminant Prism                Conjuration/Hexes            4
   e - Force Lance                    Conjuration/Translocation    4
   f - Iskenderun's Mystic Blast      Conjuration                  4
Comestibles
 d - 4 bread rations
 f - a royal jelly


   Skills:
 + Level 7.8 Short Blades
 - Level 3.0 Dodging
 + Level 11.4 Stealth
 + Level 6.9 Spellcasting
 + Level 7.2 Hexes
 + Level 0.3 Transmutations
 + Level 1.3 Earth Magic


You had 6 spell levels left.
You knew the following spells:

 Your Spells              Type           Power        Failure   Level  Hunger
a - Corona                Hex            ####...      1%          1    None
q - Dazzling Spray        Conj/Hex       ###...       7%          3    #......
x - Confuse               Hex            ####....     1%          3    #......
z - Ensorcelled Hibernat  Hex/Ice        ###...       3%          2    None
Y - Statue Form           Tmut/Erth      #........    100%        6    ######.


Dungeon Overview and Level Annotations

Branches:
Dungeon (7/15)             Temple (1/1) D:4

Altars:
Dithmenos
Hepliaklqana
Nemelex Xobeh
Ru
Sif Muna
Uskayaw
Yredelemnul
Zin


Innate Abilities, Weirdness & Mutations

You are very small and have problems with some larger weapons.
You are too small for most types of armour.
You have supernaturally acute eyesight. (SInv)
You are a herbivore.
You cover ground extremely quickly.
You need consume almost no food.


Message History

Confirm with . or Enter, or press ? or * to list all spells.
Aiming: Ensorcelled Hibernation
Press: ? - help, Shift-Dir - straight line, f - orc warrior
Aim: an orc warrior, wielding a steaming mace {elec} and wearing a plate armour (not susceptible)
Okay, then.
Unknown command.
Casting: Ensorcelled Hibernation
Confirm with . or Enter, or press ? or * to list all spells.
Aiming: Confuse
Press: ? - help, Shift-Dir - straight line, f - orc warrior
Aim: an orc warrior, wielding a steaming mace {elec} and wearing a plate armour (chance to defeat MR: 62%)
The orc warrior appears confused.
Found a pair of glowing boots.
You hit the orc warrior but do no damage.
You barely miss the orc warrior. You hit the orc warrior.
The orc warrior is lightly wounded.
The orc warrior hits you with a steaming mace {elec}!!
Ouch! That really hurt!
You die...

... #.. #.#
#.# #.# .
#####.####.#
#....o.....###
#.###@#####..
#............
#[.##.#####.#
#. #.# #.# ..
#.#####.###.#
##
#.........$.#
#######.#####
#†# #.#


You could see an orc warrior (confused).

Vanquished Creatures
  2 two-headed ogres (D:7)
  A hippogriff (D:7)
  A sky beast (D:7)
  2 centaurs
  3 ogres
  A bullfrog (D:7)
  2 scorpions
  2 crimson imps
  2 orc priests
  2 hounds
  2 orc wizards
  A worker ant (D:4)
  5 adders
  2 oozes
  2 worms
  5 leopard geckos
  7 orcs
  3 giant cockroaches
  3 goblins
  4 hobgoblins
  5 kobolds
  4 bats
  3 frilled lizards
  A leopard gecko zombie (D:7)
  A quokka zombie (D:7)
  2 rats
68 creatures vanquished.

Notes
Turn   | Place    | Note
-------+----------+-------------------------------------------
     0 | D:1      | Gorglomux the Spriggan Enchanter began the quest for the Orb.
     0 | D:1      | Reached XP level 1. HP: 9/9 MP: 5/5
   712 | D:1      | Reached XP level 2. HP: 13/13 MP: 6/6
   894 | D:2      | Learned a level 2 spell: Ensorcelled Hibernation
  1017 | D:2      | Reached skill level 5 in Stealth
  1207 | D:3      | Noticed a scorpion
  1241 | D:3      | Killed a scorpion
  1241 | D:3      | Reached skill level 3 in Short Blades
  1241 | D:3      | Reached skill level 6 in Stealth
  1241 | D:3      | Reached XP level 3. HP: 10/16 MP: 2/8
  1241 | D:3      | Reached XP level 4. HP: 14/21 MP: 2/9
  1246 | D:3      | Learned a level 3 spell: Confuse
  1616 | D:4      | Found a staircase to the Ecumenical Temple.
  1618 | D:4      | Reached XP level 5. HP: 18/24 MP: 1/10
  1637 | D:4      | Reached skill level 7 in Stealth
  1647 | Temple   | Entered the Ecumenical Temple
  1663 | Temple   | Became a worshipper of Dithmenos the Shadowed
  1770 | D:4      | Found a hide-covered altar of Uskayaw.
  1902 | D:5      | Entered Level 5 of the Dungeon
  1954 | D:4      | Found a glowing silver altar of Zin.
  1955 | D:4      | Found a sacrificial altar of Ru.
  1973 | D:5      | Noticed a centaur
  1976 | D:5      | Noticed an ogre
  1979 | D:5      | Killed a centaur
  1979 | D:5      | Reached skill level 8 in Stealth
  1979 | D:5      | Reached XP level 6. HP: 23/28 MP: 11/11
  1991 | D:5      | Reached skill level 3 in Spellcasting
  2096 | D:5      | Learned a level 3 spell: Dazzling Spray
  2276 | D:6      | Reached XP level 7. HP: 32/32 MP: 11/13
  2377 | D:6      | Reached skill level 9 in Stealth
  2417 | D:7      | Noticed a hippogriff
  2419 | D:7      | Noticed a two-headed ogre
  2437 | D:7      | Killed a hippogriff
  2437 | D:7      | Reached skill level 6 in Short Blades
  2542 | D:7      | Noticed a two-headed ogre
  2591 | D:7      | Killed a two-headed ogre
  2591 | D:7      | Reached skill level 10 in Stealth
  2591 | D:7      | Reached skill level 6 in Hexes
  2591 | D:7      | Reached XP level 8. HP: 21/36 MP: 7/17
  2709 | D:7      | Killed a two-headed ogre
  2709 | D:7      | Reached skill level 11 in Stealth
  2709 | D:7      | Reached skill level 6 in Spellcasting
  2709 | D:7      | Reached XP level 9. HP: 9/39 MP: 9/19
  2726 | D:7      | Reached * piety under Dithmenos
  2891 | D:7      | Identified The Lost Secrets of Sorcery
  2916 | D:7      | Learned a level 6 spell: Statue Form
  2917 | D:7      | Found a hazy altar of Hepliaklqana.
  2964 | D:7      | Reached skill level 1 in Earth Magic
  2988 | D:7      | Identified the +6 mace "Arpheu Mili" {elec, rF+ rC+}
  2988 | D:7      | Slain by an orc warrior

Skill      XL: |  1  2  3  4  5  6  7  8  9 |
---------------+----------------------------+-----
Short Blades   | 3 4 5 6 7 |  7.8
Stealth        | 6 8 10 11 | 11.4
Spellcasting   | 3 5 6 |  6.9
Hexes          | 4 6 7 |  7.2
Earth Magic    | 1 |  1.3
Dodging        | |  3.0
Transmutations | |  0.3

Action                   |  1- 3 |  4- 6 |  7- 9 || total
-------------------------+-------+-------+-------++-------
Melee: Dagger            |    76 |   114 |    41 ||   231
 Cast: Corona            |     8 |       |       ||     8
       Ensorcelled Hiber |    11 |    19 |    25 ||    55
       Confuse           |       |     4 |     3 ||     7
  Use: Scroll            |       |     7 |       ||     7
 Stab: Sleeping          |     9 |    21 |    12 ||    42
       Confused          |       |     2 |     2 ||     4
  Eat: Royal jelly       |       |     1 |     1 ||     2
Armor: Robe              |     6 |     3 |     1 ||    10
Dodge: Dodged            |    57 |    69 |    28 ||   154
